 Dungeon Crawl Stone Soup version 0.13.0-17-g5f0e85f (webtiles) character file.

75203 Deemzul the Slayer (level 15, -5/152 HPs)
             Began as a Hill Orc Fighter on Oct 20, 2013.
             Was the Champion of Beogh.
             Slain by an ettin
             ... wielding a +2,+2 dire flail of protection
              (39 damage)
             ... on Level 21 of the Dungeon on Oct 21, 2013.
             The game lasted 02:25:10 (31359 turns).

Deemzul the Slayer (Hill Orc Fighter)              Turns: 31359, Time: 02:25:11

HP  -5/152       AC 27     Str 30      XL: 15   Next: 44%
MP   0/14        EV  8     Int 10      God: Beogh [******]
Gold 1482        SH 31     Dex 14      Spells:  0 memorised, 14 levels left

Res.Fire  : + . .   See Invis. : +   F - +6 quick blade (stab)
Res.Cold  : . . .   Warding    : .   j - +8 chain mail of the Exiled Stars {Dex+3 Acc+2}
Life Prot.: . . .   Conserve   : .   c - +0 orc shield
Res.Poison: .       Res.Corr.  : .   O - +2 wizard hat {MR+}
Res.Elec. : .       Clarity    : .   X - +0 cloak "Ecsaumug" {rF+ Int+2 Stlth++}
Sust.Abil.: . .     Spirit.Shd : +   (no gloves)
Res.Mut.  : .       Stasis     : .   z - +1 pair of elf boots
Res.Rott. : .       Flight     : .   o - amulet of guardian spirit
Saprovore : + . .                    b - +5 ring of strength
                                     h - ring of see invisible

@: exhausted, quite resistant to hostile enchantments, extremely unstealthy
A: walk on water, sense surroundings 1, saprovore 1, spit poison 1, AC +2
a: Spit Poison, Smiting, Recall Orcish Followers, Renounce Religion


You were on level 21 of the Dungeon.
You worshipped Beogh.
Beogh was exalted by your worship.
You were very hungry.

You visited 5 branches of the dungeon, and saw 33 of its levels.
You visited the Abyss 1 time.
You also visited: Labyrinth.

You collected 2963 gold pieces.
You spent 1501 gold pieces at shops.

Inventory:

Hand weapons
 A - the +4,+3 spear of Excruciating Pain (quivered) {drain, Contam rPois Dex+4}
   (You bought it in a shop on level 4 of the Orcish Mines)

   A truly terrible weapon, it drains the life of those it strikes.
   It affects your dexterity (+4).
   It protects you from poison.
   It causes magical contamination when unequipped.
 F - a +6,+6 quick blade of stabbing (weapon)
 J - a -1,+0 orcish trident of protection
Armour
 c - a +0 orcish shield (worn)
 j - the +8 chain mail of the Exiled Stars (worn) {Dex+3 Acc+2}
   (You found it on level 15 of the Dungeon)

   It affects your dexterity (+3).
   It affects your accuracy (+2).
 z - a +1 pair of elven boots (worn)
 O - a +2 wizard hat of magic resistance (worn)
 X - the +0 cloak "Ecsaumug" (worn) {rF+ Int+2 Stlth++}
   (You acquired it on level 14 of the Dungeon)

   It affects your intelligence (+2).
   It protects you from fire.
   It makes you much more stealthy.
Magical devices
 f - a wand of magic darts (8)
 l - a wand of heal wounds (4)
 L - a wand of digging (3)
 N - a wand of paralysis (9)
 R - a wand of slowing (11)
 V - a wand of fire (6)
Comestibles
 d - 11 meat rations
 s - 14 bread rations
 K - 10 sultanas
 T - 9 bananas
 U - 8 oranges
Scrolls
 a - 3 scrolls of teleportation
 p - 5 scrolls of identify
 t - a scroll of fog
 u - 2 scrolls of amnesia
 w - 3 scrolls of enchant armour
 x - 2 scrolls of blinking
 y - 7 scrolls of remove curse
 P - a scroll of magic mapping
Jewellery
 b - a +5 ring of strength (right hand)
 e - an uncursed amulet of inaccuracy {unknown}
 h - a ring of see invisible (left hand)
 k - an uncursed amulet of faith {unknown}
 o - an amulet of guardian spirit (around neck)
 r - an uncursed ring of sustain abilities
 D - an uncursed amulet of clarity {unknown}
 E - an uncursed ring of ice
 I - an uncursed ring of protection from cold {unknown}
 M - an uncursed amulet of rage {unknown}
 S - an uncursed ring of regeneration
 Y - an uncursed ring of ice
Potions
 g - 3 potions of restore abilities
 i - a potion of resistance
 q - a potion of curing
 G - 2 potions of flight
 H - 3 potions of brilliance
Miscellaneous
 B - a fan of gales (inert)
 C - a fan of gales (inert)
 Z - a fan of gales
Rods
 m - a +7 rod of the swarm (14/14)
   (You found it in a labyrinth)


   Skills:
 * Level 23.9 Fighting
 + Level 5.8 Short Blades
 - Level 2.7 Polearms
 + Level 10.7 Armour
 + Level 11.1 Shields


You had 14 spell levels left.
You didn't know any spells.

Dungeon Overview and Level Annotations

Branches:
Dungeon (21/27)            Temple (0/1) D:7             Orc (4/4) D:8
    Elf (1/3) Orc:3          Lair (6/8) D:8           Snake (1/5) Lair:3
 Vaults (0/5) D:20
  Swamp: Lair:3-6    Shoals: Lair:3-6    Spider: Lair:3-6     Slime: Lair:6-8

Altars:
Elyvilon
Kikubaaqudgha
Nemelex Xobeh
Sif Muna
Xom
Yredelemnul
Beogh

Shops:
D:4 ?(   D:6 *(+=[   D:11 *   D:13 }   D:19 !   Orc:4 ((/?

Annotations:
D:14 exclusion: Roxanne, Roxanne
D:15 exclusions: ice statue and silver statue


Innate Abilities, Weirdness & Mutations

You can walk on water.
You can tolerate rotten meat.
You are partially covered in yellow scales (AC +2).
You passively map a small area around you.
You can spit poison.


Message History

Your orc knight hits the storm dragon from afar with an orcish glaive!
The storm dragon dies!
Beogh accepts your collateral kill.
Unknown command.
Evoke which item? (* to show all) (? for menu, Esc to quit)
A fierce wind blows from the fan.
The orc knight is blown away by the wind.
The winds coalesce and take form.
The deep troll closely misses your orc knight.
The deep troll claws your orc knight but does no damage.
The deep troll claws your orc knight!
Unknown command.
Unknown command.
Evoke which item? (* to show all) (? for menu, Esc to quit)
A fierce wind blows from the fan.
The orc knight is blown away by the wind.
The winds coalesce and take form.
An air elemental merges itself into the air.
You block the ettin's attack. The ettin hits you with a great mace!
You die...

+#.....##.........#
([!.'....#.........#
#)$#....##..###o..#
#$:=.....#(##.##..#
###$'.)))((..).#..#
#(?$o(()(#.##.##..#
#[$c#oo)##..###...#
:!(..((..#.........#
#'.#).).##..oo.C@..#
),......#...E......#
.......+#.T........#
....###..#####....#
.###........##...#
###
#...!#......##..#
#o#
......#..DD.C.#..#
#o#
#.....#o......#..#
#o# #...
#.....?.#..# #o#


You could see an orc knight, an ettin, a deep troll, a friendly orc knight
(frenzied) and a friendly air elemental.

Vanquished Creatures
  Agnes (D:15)
  A frost giant (D:21)
  Harold (D:13)
  A dragon (D:19)
  2 yaktaur captains (D:21)
  A minotaur (Lab)
  3 centaur warriors
  A wizard (D:16)
  3 unseen horrors
  6 hill giants
  Pikel (D:8)
  Joseph (D:7)
  A hydra (D:14)
  5 orc knights
  A red wasp (D:19)
  3 cyclopes
  A frost giant skeleton (D:20)
  A feature mimic (D:10)
  Nessos (D:14)
  Psyche (D:8)
  4 spiny frogs
  An item mimic (D:15)
  A black mamba (Lair:4)
  An efreet (Orc:4)
  A mermaid (shapeshifter) (D:16)
  3 trolls
  A hydra zombie (D:15)
  Sonja (Orc:4)
  A raven (D:5)
  A hydra skeleton (D:14)
  A blink frog (shapeshifter) (D:20)
  2 two-headed ogres
  3 komodo dragons
  A griffon zombie (D:13)
  A deep elf mage (Elf:1)
  An ettin skeleton (D:17)
  9 blink frogs
  26 ugly things
  2 redbacks
  A vampire (D:18)
  A wyvern (D:18)
  A shadow (D:11)
  17 yaks
  A deep elf fighter (D:18)
  A hippogriff (D:13)
  A steam dragon (D:13)
  3 hungry ghosts
  4 vampire mosquitoes
  7 slime creatures
  A draconian (shapeshifter) (D:19)
  2 wolves (Lair:2)
  2 mottled dragons
  8 porcupines
  An agate snail zombie (D:19)
  3 manticores
  3 sky beasts
  2 necrophages
  A polar bear (Lair:4)
  12 orc warriors
  2 soldier ants
  An elephant slug (Lair:5)
  A dragon simulacrum (D:18)
  4 ice beasts
  2 nagas
  3 slaves (D:8)
  A phantom (D:8)
  A yellow wasp (D:13)
  A black bear (D:7)
  11 ogres
  6 wargs
  14 centaurs
  12 giant frogs
  5 crocodiles
  2 water moccasins
  2 cyclops zombies
  3 agate snails
  2 giant slugs
  2 eyes of draining (shapeshifter)
  2 yak zombies
  13 wights
  A yak skeleton (D:12)
  2 eyes of draining
  4 big kobolds
  2 goliath beetles (D:7)
  7 crimson imps
  A giant frog zombie (D:7)
  6 hounds
  16 orc wizards
  3 scorpions
  A gnoll shaman (D:5)
  9 orc priests
  A quasit (D:6)
  2 centaur skeletons
  2 centaur zombies (D:12)
  8 worker ants
  8 iguanas
  14 sheep (Lair:4)
  8 killer bees
  An ogre zombie (D:6)
  A boggart (D:18)
  2 mummies
  17 adders
  7 gnolls
  16 green rats
  2 giant centipedes
  A white imp (Abyss:1)
  2 giant mites
  4 worms
  A giant centipede zombie (D:13)
  An adder skeleton (D:2)
  A giant eyeball (D:6)
  A giant centipede simulacrum (D:15)
  6 giant geckos
  46 orcs
  16 bats
  2 bat zombies
  3 giant cockroaches
  12 goblins
  12 hobgoblins
  15 quokkas
  2 ball pythons
  6 giant newts
  A giant spore (D:12)
  A hobgoblin skeleton (D:3)
  2 illusory rakshasas (D:17)
  35 jackals
  29 kobolds
  A kobold zombie (D:2)
  An orc skeleton (D:4)
  10 rats
  5 ballistomycetes
616 creatures vanquished.

Vanquished Creatures (collateral kills)
  A storm dragon (D:21)
  A fire giant (D:21)
  An orc warlord (D:15)
  Gastronok (D:10)
  A stone giant (D:21)
  2 dragons
  3 yaktaur captains (D:21)
  2 ogre magi
  2 hydras
  Erica (D:10)
  A deep troll earth mage (D:21)
  A rakshasa (D:17)
  Urug (D:13)
  Fannar (D:14)
  4 centaur warriors
  A fire crab (D:17)
  2 skeletal warriors (D:16)
  An iron troll (D:21)
  A flayed ghost (D:21)
  4 giant amoebae
  A wolf spider (D:18)
  5 hill giants
  A stone giant zombie (D:21)
  A wolf spider zombie (D:14)
  7 orc knights
  2 cyclopes
  2 griffons
  A sphinx skeleton (D:20)
  A spiny worm (D:18)
  A frost giant skeleton (D:21)
  2 black mambas (Lair:2)
  2 stone giant skeletons
  An item mimic (Lair:4)
  A spiny frog (Lair:4)
  2 yaktaurs
  An iron troll zombie (D:19)
  A fire drake (Lair:4)
  A deep elf priest (D:18)
  A catoblepas zombie (D:13)
  10 blink frogs
  14 slime creatures
  A hydra skeleton (D:16)
  2 boulder beetles
  A griffon zombie (D:19)
  2 trolls
  A tarantella (shapeshifter) (D:20)
  3 komodo dragons
  30 ugly things
  3 redbacks (D:20)
  2 wraiths
  A vampire (D:18)
  A wyvern (D:13)
  8 vampire mosquitoes
  2 deep elf magi
  2 elephant slugs
  2 basilisks
  16 yaks
  2 deep elf fighters
  A hippogriff (Lair:3)
  2 manticores
  A mottled dragon (D:21)
  4 wolves (Lair:2)
  4 ice beasts
  A deep troll skeleton (D:18)
  A sky beast (D:13)
  A freezing wraith (D:21)
  8 ogres
  4 porcupines
  14 orc warriors
  A naga (Lair:3)
  2 tengu (D:11)
  8 centaurs
  A yaktaur zombie (D:14)
  6 giant frogs
  4 wargs
  A cyclops zombie (D:12)
  4 agate snails
  4 killer bees
  2 crocodiles
  3 hounds
  A wight (D:16)
  A jelly (D:13)
  A crimson imp (D:10)
  8 orc priests
  4 water moccasins
  7 orc wizards
  A scorpion (D:12)
  2 worker ants (D:13)
  3 sheep (Lair:4)
  A big kobold skeleton (D:11)
  3 boggarts (D:18)
  An iguana (Lair:2)
  A mummy (D:13)
  A green rat (Lair:4)
  A giant centipede (D:12)
  3 adders
  A giant mite (Lair:4)
  A worm (D:12)
  A giant gecko (Lair:2)
  29 orcs
  2 bats
  3 hobgoblins
  A jackal (Lair:3)
  6 goblins
  3 kobolds
  2 quokkas (D:10)
  2 rats
  2 ballistomycetes (D:14)
  A fungus (Lair:5)
  2 plants
341 creatures vanquished.

Vanquished Creatures (others)
  An orc warlord (D:21)
  An orc sorcerer (D:13)
  A hydra (D:16)
  2 orc knights (D:21)
  A large abomination (Abyss:1)
  4 orc priests
  An orc zombie (D:13)
  24 orc warriors
  A big kobold (D:14)
  7 orc wizards
  A worker ant zombie (D:13)
  A worm (D:8)
  106 orcs
  3 giant spores
  4 kobolds
  A ballistomycete (D:14)
  2 butterflies (D:9)
  A plant (D:13)
162 creatures vanquished.

Grand Total: 1119 creatures vanquished

Notes
Turn   | Place    | Note
--------------------------------------------------------------
     0 | D:1      | Deemzul, the Hill Orc Fighter, began the quest for the Orb.
     0 | D:1      | Reached XP level 1. HP: 19/19 MP: 0/0
   144 | D:1      | Reached XP level 2. HP: 19/26 MP: 1/1
   429 | D:1      | Reached skill level 4 in Fighting
   638 | D:2      | Reached XP level 3. HP: 15/33 MP: 2/2
   669 | D:2      | Reached skill level 5 in Fighting
   769 | D:2      | Reached XP level 4. HP: 30/40 MP: 3/3
  1506 | D:3      | Reached skill level 6 in Fighting
  2073 | D:4      | Reached XP level 5. HP: 12/48 MP: 4/4
  2236 | D:4      | Found a white marble altar of Elyvilon.
  2264 | D:4      | Reached skill level 7 in Fighting
  2327 | D:4      | Reached XP level 6. HP: 43/56 MP: 5/5
  2328 | D:4      | Found Gicser's Magic Scroll Boutique.
  2389 | D:4      | Bought a scroll of identify for 28 gold pieces
  2389 | D:4      | Bought a scroll of teleportation for 42 gold pieces
  2389 | D:4      | Bought a scroll of remove curse for 42 gold pieces
  2394 | D:4      | Gained mutation: Your natural rate of healing is unusually fast. [potion of mutation]
  2394 | D:4      | Gained mutation: Your body is slowly deteriorating. [potion of mutation]
  2394 | D:4      | Gained mutation: You can translocate small distances at will. [potion of mutation]
  2419 | D:4      | Found Buomoo's Weapon Shop.
  2531 | D:4      | Found a basalt altar of Yredelemnul.
  2781 | D:4      | Reached skill level 8 in Fighting
  2795 | D:5      | Entered Level 5 of the Dungeon
  2988 | D:5      | Noticed a necrophage
  2996 | D:5      | Killed a necrophage
  2996 | D:5      | Reached skill level 9 in Fighting
  2996 | D:5      | Reached XP level 7. HP: 59/64 MP: 6/6
  3238 | D:6      | Found a deep blue altar of Sif Muna.
  3345 | D:5      | Reached skill level 10 in Fighting
  3702 | D:6      | Found Huymaqou's Book Boutique.
  3709 | D:6      | Found Plog's Weapon Boutique.
  3718 | D:6      | Found Creb's Jewellery Emporium.
  3721 | D:6      | Paralysed by a giant eyeball for 2 turns
  3813 | D:6      | Found Cuc Tumo's General Store.
  3960 | D:6      | Found Mozxair's Armour Shop.
  4062 | D:7      | Reached XP level 8. HP: 66/73 MP: 7/7
  4093 | D:7      | Noticed Joseph
  4123 | D:7      | Killed Joseph
  4123 | D:7      | Reached skill level 12 in Fighting
  4699 | D:8      | Noticed Pikel
  4711 | D:8      | Killed Pikel
  4711 | D:8      | Reached skill level 13 in Fighting
  4711 | D:8      | Reached XP level 9. HP: 49/84 MP: 8/8
  4928 | D:9      | Reached skill level 14 in Fighting
  5376 | D:9      | Became a worshipper of Beogh the Brigand
  5378 | D:9      | Got a fine lead ring
  5465 | D:8      | Noticed Psyche
  5482 | D:8      | Killed Psyche
  5482 | D:8      | Reached skill level 15 in Fighting
  5623 | D:8      | Found a staircase to the Lair.
  5822 | D:8      | Found a staircase to the Orcish Mines.
  5853 | D:8      | Reached XP level 10. HP: 68/95 MP: 6/9
  5901 | Orc:1    | Entered Level 1 of the Orcish Mines
  5997 | D:7      | Acquired Beogh's first power
  6124 | D:7      | Reached skill level 16 in Fighting
  6201 | D:7      | Found a staircase to the Ecumenical Temple.
  6724 | D:7      | Found a shimmering altar of Xom.
  7136 | D:5      | Identified the ring of Prenicw {SustAb Str+1 Dex-3} (You took it off an orc on level 9 of the Dungeon)
  7310 | Lair:1   | Entered Level 1 of the Lair of Beasts
  7390 | Lair:1   | Acquired Beogh's second power
  7692 | Lair:1   | Reached skill level 17 in Fighting
  7981 | Lair:1   | Noticed a shadow dragon
  7981 | Lair:1   | an agate snail changed into a shadow dragon
  8190 | D:8      | Cast into the Abyss (orc)
  8291 | Abyss:1  | Noticed a bone dragon
  8293 | Abyss:1  | Noticed a large abomination
  8320 | Abyss:1  | Killed a large abomination
  8336 | D:8      | Escaped the Abyss
  8470 | D:10     | Entered Level 10 of the Dungeon
  8500 | D:10     | Noticed a hill giant
  8510 | D:10     | HP: 3/97 [hill giant/giant club (31)]
  8972 | Orc:1    | Acquired Beogh's third power
  9751 | Orc:3    | Found a staircase to the Elven Halls.
  9945 | Orc:4    | Entered Level 4 of the Orcish Mines
  9949 | Orc:4    | Reached skill level 18 in Fighting
 10064 | Orc:4    | Reached XP level 11. HP: 98/106 MP: 7/10
 10065 | Orc:4    | Noticed an orc knight
 10066 | Orc:4    | Acquired Beogh's fourth power
 10074 | Orc:4    | Killed an orc knight
 10075 | Orc:4    | Noticed an orc knight
 10077 | Orc:4    | Gained Judas as an ally
 10079 | Orc:4    | Your ally Judas died
 10144 | Orc:2    | Found a roughly hewn altar of Beogh.
 10467 | Orc:4    | Killed an orc knight
 10487 | Orc:4    | Noticed an orc warlord
 10980 | D:10     | Found a staircase to the Orcish Mines.
 10982 | D:10     | the staircase to the Orcish Mines was a mimic.
 11007 | D:10     | Killed a hill giant
 11035 | D:10     | Noticed Erica
 11053 | D:10     | Killed Erica
 11053 | D:10     | Reached skill level 19 in Fighting
 11247 | D:10     | Gained Zorug as an ally
 11428 | D:10     | Noticed Gastronok
 11440 | D:10     | HP: 3/108 [Gastronok (20)]
 11447 | D:10     | Killed Gastronok
 11794 | D:11     | Noticed a hill giant
 11801 | D:11     | Killed a hill giant
 11803 | D:11     | Found an ancient bone altar of Kikubaaqudgha.
 11905 | D:11     | Found Ybixavve's Assorted Antiques.
 11910 | D:11     | Bought a fuming silvery potion for 25 gold pieces
 12430 | D:12     | Acquired Beogh's fifth power
 12460 | D:12     | Reached skill level 20 in Fighting
 12706 | D:13     | Found a white marble altar of Elyvilon.
 12747 | D:13     | Gained mutation: You can spit poison. [mutagenic meat]
 12748 | D:13     | Gained mutation: You cover ground slowly. [mutagenic meat]
 12749 | D:13     | Lost mutation: Your body is slowly deteriorating. [mutagenic meat]
 12750 | D:13     | Lost mutation: You can spit poison. [potion of cure mutation]
 12750 | D:13     | Lost mutation: You cover ground slowly. [potion of cure mutation]
 12750 | D:13     | Lost mutation: You can translocate small distances at will. [potion of cure mutation]
 12750 | D:13     | Lost mutation: Your natural rate of healing is unusually fast. [potion of cure mutation]
 12765 | D:13     | Gained mutation: Armour fits poorly on your strangely shaped body. [mutagenic meat]
 12766 | D:13     | Gained mutation: Your vision is a little blurry. [mutagenic meat]
 12767 | D:13     | Lost mutation: Armour fits poorly on your strangely shaped body. [potion of cure mutation]
 12767 | D:13     | Lost mutation: Your vision is a little blurry. [potion of cure mutation]
 12789 | D:13     | Reached XP level 12. HP: 51/119 MP: 11/11
 12860 | D:13     | Noticed a centaur warrior
 12864 | D:13     | Killed a centaur warrior
 13230 | D:13     | Reached skill level 5 in Shields
 13243 | D:14     | Entered Level 14 of the Dungeon
 13366 | D:13     | Found an ancient bone altar of Kikubaaqudgha.
 13367 | D:13     | Noticed Urug
 13376 | D:13     | Killed Urug
 13376 | D:13     | Gained Jorge as an ally
 13547 | D:13     | Found Fryoz's Gadget Emporium.
 13557 | D:13     | Noticed Harold
 13568 | D:13     | Your ally Urug died
 13577 | D:13     | Your ally Zorug died
 13580 | D:13     | Beogh protects you from harm!
 13581 | D:13     | Your ally Jorge died
 13592 | D:13     | Killed Harold
 13749 | D:13     | Reached skill level 5 in Armour
 14000 | D:13     | Gained Hilgar as an ally
 14027 | D:14     | Noticed a six-headed hydra
 14031 | D:14     | Your ally Hilgar died
 14555 | Orc:4    | Noticed an orc knight
 14582 | Orc:4    | Killed an orc knight
 14889 | Orc:4    | Found Zoqifo's Weapon Shop.
 14889 | Orc:4    | Found Acwi's Magical Wand Shoppe.
 14932 | Orc:4    | Found Skeunoo's Antique Weapon Boutique.
 14933 | Orc:4    | Found Shib's Magic Scroll Emporium.
 14951 | Orc:4    | Bought an ancient spear for 229 gold pieces
 14952 | Orc:4    | Identified the spear of Excruciating Pain {drain, Contam rPois Dex+4} (You bought it in a shop on level 4 of the Orcish Mines)
 15361 | Lair:2   | Gained Borgun as an ally
 15635 | Lair:2   | Reached skill level 21 in Fighting
 16095 | Lair:3   | Gained Berold as an ally
 16314 | Lair:3   | Gained Orgrim as an ally
 16374 | Lair:3   | Found a staircase to the Snake Pit.
 16685 | Lair:3   | Gained mutation: You can spit poison. [potion of mutation]
 16685 | Lair:3   | Gained mutation: You are partially covered in yellow scales (AC +2). [potion of mutation]
 16685 | Lair:3   | Gained mutation: You passively map a small area around you. [potion of mutation]
 16756 | Lair:3   | Reached XP level 13. HP: 129/129 MP: 12/12
 17402 | Lair:5   | Paralysed by you for 5 turns
 17456 | Lair:5   | Gained Marbork as an ally
 17505 | Lair:5   | Was placed under penance by Beogh
 18160 | Lair:4   | Noticed an orc warlord
 18868 | D:14     | Killed a six-headed hydra
 18911 | D:14     | Noticed Roxanne
 19137 | D:14     | Identified a scroll of acquirement
 19138 | D:14     | Got an ancient cloak
 19142 | D:14     | Identified the +0 cloak "Ecsaumug" {rF+ Int+2 Stlth++} (You acquired it on level 14 of the Dungeon)
 19211 | D:14     | Noticed Fannar
 19259 | D:15     | Entered Level 15 of the Dungeon
 20161 | D:15     | Noticed an orc warlord
 20602 | D:15     | Reached skill level 22 in Fighting
 20928 | D:15     | Was forgiven by Beogh
 21305 | D:14     | Killed Fannar
 21623 | D:14     | Noticed Nessos
 21631 | D:14     | Gained Garbold as an ally
 21641 | D:14     | Your ally Garbold died
 21648 | D:14     | Killed Nessos
 22792 | Snake:1  | Entered Level 1 of the Snake Pit
 24354 | D:4      | Bought a +5,+5 quick blade for 1135 gold pieces
 24586 | Orc:4    | Noticed Sonja
 24772 | Orc:4    | Killed Sonja
 24878 | Elf:1    | Entered Level 1 of the Elven Halls
 25617 | D:15     | Reached skill level 1 in Short Blades
 25730 | D:15     | Gained Berold as an ally
 25744 | D:15     | Reached XP level 14. HP: 54/141 MP: 5/13
 25759 | D:15     | Noticed Agnes
 25779 | D:15     | HP: 5/141 [Agnes/lajatang of electrocution (14)]
 25779 | D:15     | Beogh protects you from harm!
 25780 | D:15     | Killed Agnes
 26222 | D:15     | Killed an orc warlord
 26907 | D:15     | Got a shimmering chain mail
 26928 | D:15     | Identified the cursed +8 chain mail of the Exiled Stars {Dex+3 Acc+2} (You found it on level 15 of the Dungeon)
 27702 | D:17     | Reached skill level 10 in Shields
 27794 | D:17     | Reached skill level 23 in Fighting
 28134 | D:18     | Found a sparkling altar of Nemelex Xobeh.
 28200 | D:18     | Found a labyrinth entrance.
 28210 | Lab      | Entered a labyrinth
 28663 | D:18     | Upgraded the game from 0.13.0-15-g9204fa6 to 0.13.0-17-g5f0e85f
 29219 | D:18     | Identified a +7 rod of the swarm (14/14) (You found it in a labyrinth)
 29326 | D:18     | Got a warped bow
 29327 | D:18     | Identified the bow of the Asp {frost, rN+} (You found it on level 18 of the Dungeon)
 29330 | D:18     | Got a smoking leather armour
 29345 | D:18     | Identified the cursed -4 leather armour of the Shining Light {Stlth++} (You found it on level 18 of the Dungeon)
 29915 | D:19     | Found Igoamp's Distillery.
 30117 | D:20     | Entered Level 20 of the Dungeon
 30127 | D:20     | Reached skill level 10 in Armour
 30152 | D:20     | Found a staircase to the Vaults.
 30543 | D:20     | Reached XP level 15. HP: 114/152 MP: 12/14
 30686 | D:20     | Reached skill level 5 in Short Blades
 31274 | D:21     | Noticed a fire giant
 31276 | D:21     | Gained Hilgar as an ally
 31280 | D:21     | Noticed a frost giant
 31285 | D:21     | Gained Nordag as an ally
 31299 | D:21     | Killed a fire giant
 31311 | D:21     | Your ally Hilgar died
 31313 | D:21     | Killed a frost giant
 31337 | D:21     | Noticed a storm dragon
 31337 | D:21     | Noticed a shadow dragon
 31341 | D:21     | Your ally Nordag died
 31349 | D:21     | Your ally Berold died
 31357 | D:21     | Killed a storm dragon
 31359 | D:21     | Slain by an ettin

Action                   |  1- 3 |  4- 6 |  7- 9 | 10-12 | 13-15 || total
-------------------------+-------+-------+-------+-------+-------++-------
Melee: Trident           |    94 |   248 |   419 |   386 |       ||  1147
       Spear             |       |       |       |   583 |  1023 ||  1606
       Scimitar          |       |       |       |   104 |       ||   104
       Quick blade       |       |       |       |       |  1157 ||  1157
       Unarmed           |       |       |       |       |     6 ||     6
Invok: Convert to Beogh  |       |       |     1 |       |       ||     1
       Recall Orcish Fol |       |       |       |     4 |     9 ||    13
       Smiting           |       |       |       |       |     3 ||     3
 Abil: Spit Poison       |       |       |       |       |     1 ||     1
Evoke: Wand              |       |       |     3 |    12 |    10 ||    25
       Miscellaneous     |       |       |       |     1 |     2 ||     3
       Rod               |       |       |       |       |     1 ||     1
  Use: Potion            |       |     4 |     6 |    19 |    21 ||    50
       Scroll            |       |     3 |    12 |    16 |    25 ||    56
 Stab: Distracted        |       |     1 |       |    15 |    13 ||    29
       Paralysed         |       |       |       |    18 |       ||    18
       Confused          |       |       |       |     2 |       ||     2
       Petrifying        |       |       |       |     2 |       ||     2
       Invisible         |       |       |       |       |     2 ||     2
       Fleeing           |       |       |       |       |     1 ||     1
